 Dungeon Crawl Stone Soup version 0.29-a0-330-g52719c12eb (webtiles) character file.

Game seed: 12159387116354612575

734 Crownlay the Magician (level 7, -6/48 HPs)
             Began as an Octopode Earth Elementalist on Apr 24, 2022.
             Was a Believer of Sif Muna.
             Mangled by an orc warrior
             ... wielding a +0 battleaxe
              (23 damage)
             ... on level 7 of the Dungeon.
             The game lasted 00:10:19 (5452 turns).

Crownlay the Magician (Octopode Earth Elementalist) Turns: 5452, Time: 00:10:20

Health: -6/48      AC:  1    Str:  7    XL:     7   Next: 74%
Magic:  4/14       EV: 12    Int: 26    God:    Sif Muna [**....]
Gold:   251        SH:  0    Dex:  7    Spells: 7/15 levels left

rFire   . . .      SeeInvis .   o - +6 spear of the Hidden Songs {pain, Fly rElec Dex-5}
rCold   . . .      Faith    .   (no shield)
rNeg    + . .      Spirit   .   (helmet restricted)
rPois   .          Reflect  .   p - amulet of magic regeneration
rElec   +          Harm     .   i - +6 ring of intelligence
rCorr   .          Rampage  .   w - ring of positive energy
Will    .....                   (no ring)
Stlth   +++.......              (no ring)
HPRegen 0.16/turn               (no ring)
MPRegen 0.54/turn               (no ring)
                                (no ring)
                                (no ring)

@: flying, studying Ice Magic
A: almost no armour, amphibious, 8 rings, camouflage 1, gelatinous body 1,
(nimble swimmer 1), tentacles
a: Renounce Religion, Channel Magic


You were on level 7 of the Dungeon.
You worshipped Sif Muna.
Sif Muna was pleased with you.
You visited 1 branch of the dungeon, and saw 7 of its levels.
You also visited: Sewer.

You collected 251 gold pieces.

Inventory:

Hand Weapons
 o - the +6 spear of the Hidden Songs (weapon) {pain, Fly rElec Dex-5}
   (You found it on level 2 of the Dungeon)

   In the hands of one skilled in necromantic magic, it inflicts extra damage on
   living creatures.
   Dex:       It affects your dexterity (-5).
   rElec:     It insulates you from electricity.
   Fly:       It grants you flight.
 y - the +3 rapier "Acruecui" {vamp, rC+ rN++ Will+ Int+2}
   (You found it on level 8 of the Dungeon)

   It occasionally heals its wielder for a portion of the damage dealt when it
   wounds a living foe.
   Int:       It affects your intelligence (+2).
   rC:        It protects you from cold.
   rN:        It greatly protects you from negative energy.
   Will:      It increases your willpower.
Missiles
 a - 185 stones
Jewellery
 i - a +6 ring of intelligence (left tentacle)
 p - an amulet of magic regeneration (around mantle)
 w - a ring of positive energy (right tentacle)
Scrolls
 c - 2 scrolls of silence
 d - 3 scrolls of enchant armour
 f - 2 scrolls of magic mapping
 g - 3 scrolls of amnesia
 l - 2 scrolls of teleportation
 m - a scroll of acquirement {unknown}
 n - a scroll of blinking {unknown}
 s - a scroll of enchant weapon {unknown}
 u - 3 scrolls of fog {unknown}
 x - a scroll of immolation {unknown}
Potions
 b - a potion of magic
 e - 7 potions of curing {unknown}
 h - 2 potions of flight {unknown}
 j - a potion of brilliance {unknown}
 k - 2 potions of haste {unknown}
 q - 3 potions of mutation {unknown}
 r - 2 potions of heal wounds {unknown}
 t - 2 potions of resistance {unknown}
 v - a potion of ambrosia {unknown}


   Skills:
 + Level 4.3 Fighting
 - Level 2.0 Dodging
 - Level 2.6 Stealth
 - Level 0.5 Unarmed Combat
 * Level 4.8 Spellcasting
 + Level 3.3 Transmutations
 + Level 4.4 Earth Magic


You had 7 spell levels left.
You knew the following spells:

 Your Spells              Type           Power      Damage    Failure   Level
a - Sandblast             Erth           58%        2d13      1%          1
b - Stone Arrow           Conj/Erth      34%        3d9       10%         3
c - Petrify               Tmut/Erth      26%        N/A       16%         4

Your spell library contained the following spells:

 Spells                   Type           Power      Damage    Failure   Level
 Passwall                 Tmut/Erth      21%        N/A       2%          2
 Ensorcelled Hibernation  Hex/Ice        12%        N/A       12%         2
 Spider Form              Tmut/Pois      14%        N/A       12%         3
 Anguish                  Hex/Necr       3%         N/A       61%         4
 Cause Fear               Hex            3%         N/A       61%         4
 Dragon Form              Tmut           11%        N/A       100%        7
 Dragon's Call            Summ           3%         N/A       100%        9


Dungeon Overview and Level Annotations

Branches:
Dungeon (8/15)             Temple (0/1) D:4           Sewer (visited)
   Lair: D:8-11

Altars:
Kikubaaqudgha
Sif Muna

Shops:
D:1 [

Annotations:
D:3 2 transporters


Innate Abilities, Weirdness & Mutations

You cannot wear most types of armour.
You are amphibious.
You can wear up to eight rings at the same time.
Your skin changes colour to match your surroundings (Stealth+).
Your rubbery body absorbs attacks. (AC +1, EV +1)
((You are camouflaged when in or above water. (Stealth+)))
You have tentacles for arms and can constrict up to eight enemies at once.


Message History

Aim: an orc warrior, wielding a +0 battleaxe and wearing a +0 chain mail (moderately wounded, 64% to hit)
The stone arrow misses the orc warrior.
The orc warrior hits you with a +0 battleaxe.
A sky beast comes into view.
Casting: Stone Arrow (dangerous; 10% risk of failure)
Confirm with . or Enter, or press ? or * to list all spells.
Aiming: Stone Arrow (dangerous; 10% risk of failure)
Press: ? - help, Shift-Dir - straight line, f/p - orc warrior
Aim: an orc warrior, wielding a +0 battleaxe and wearing a +0 chain mail (moderately wounded, 64% to hit)
The stone arrow misses the orc warrior.
The orc warrior hits you with a +0 battleaxe!
Casting: Stone Arrow (dangerous; 10% risk of failure)
Confirm with . or Enter, or press ? or * to list all spells.
Aiming: Stone Arrow (dangerous; 10% risk of failure)
Press: ? - help, Shift-Dir - straight line, f/p - orc warrior
Aim: an orc warrior, wielding a +0 battleaxe and wearing a +0 chain mail (moderately wounded, 64% to hit)
The stone arrow hits the orc warrior.
The orc warrior is moderately wounded.
The orc warrior closely misses you.
You aren't carrying any items that you can evoke.
Unknown command.
Casting: Stone Arrow (dangerous; 10% risk of failure)
Confirm with . or Enter, or press ? or * to list all spells.
You don't have enough magic to cast this spell.
Unknown command.
You barely miss the orc warrior. Your grab misses the orc warrior.
Your squeeze misses the orc warrior.
The orc warrior is moderately wounded.
The orc warrior hits you with a +0 battleaxe.
You hit the orc warrior. You grab the orc warrior.
The orc warrior is heavily wounded.
You constrict the orc warrior, but do no damage.
The orc warrior closely misses you.
The sky beast flickers out of sight!
Deactivating autopickup; reactivate with Ctrl-A.
Something hits you. Something shocks you. You resist.
You hit the orc warrior.
The orc warrior is heavily wounded.
You constrict the orc warrior, but do no damage.
The orc warrior hits you with a +0 battleaxe!!
You die...

#... ....#
... .$..#
##.......###
##....#.....#
......#.....#
#..........#
#....{.....#
#....o@>...#
#....#.....#
#... #.....#
#.. #.....#
#. #.....# #
#.....#
#.....#
#.....#


You could see an orc warrior.

Vanquished Creatures
  A wyvern (D:8)
  3 kobold brigands (Sewer)
  A scorpion (D:4)
  A hound (D:4)
  A jelly (D:4)
  An orc priest (D:5)
  An orc wizard (D:5)
  8 adders
  An ufetubus (D:4)
  3 worms
  A dart slug (D:3)
  12 orcs
  7 bats
  8 endoplasms
  7 giant cockroaches
  10 hobgoblins
  2 quokkas
  7 ball pythons
  2 frilled lizards
  7 goblins
  13 kobolds
  14 rats
111 creatures vanquished.

Notes
Turn   | Place    | Note
-------+----------+-------------------------------------------
     0 | D:1      | Crownlay the Octopode Earth Elementalist began the quest
                  | for the Orb.
     0 | D:1      | Reached XP level 1. HP: 11/11 MP: 3/3
   115 | D:1      | Found Haazon's Armour Boutique.
   169 | D:1      | Reached XP level 2. HP: 13/18 MP: 5/5
   863 | D:1      | Reached skill level 1 in Fighting
  1095 | D:2      | Reached XP level 3. HP: 23/23 MP: 2/6
  1099 | D:2      | Learned a level 3 spell: Stone Arrow
  1429 | D:2      | Found a shimmering blue altar of Sif Muna.
  1441 | D:2      | Became a worshipper of Sif Muna the Loreminder
  1497 | D:2      | Reached XP level 4. HP: 23/29 MP: 8/8
  1776 | D:2      | Identified the +6 spear of the Hidden Songs {pain, Fly
                  | rElec Dex-5}
  2232 | D:3      | Found a transporter.
  2239 | D:3      | Noticed a kobold demonologist
  2255 | D:3      | Found a glowing drain.
  2277 | Sewer    | Entered a sewer
  2280 | Sewer    | Noticed a kobold brigand
  2288 | Sewer    | Reached XP level 5. HP: 21/35 MP: 9/9
  2295 | Sewer    | Killed a kobold brigand
  2502 | Sewer    | Reached * piety under Sif Muna
  2557 | Sewer    | Noticed a kobold brigand
  2572 | Sewer    | Killed a kobold brigand
  2573 | Sewer    | Reached XP level 6. HP: 17/42 MP: 9/11
  3361 | D:3      | Found a transporter.
  3645 | D:4      | Learned a level 4 spell: Petrify
  3960 | D:4      | Found a staircase to the Ecumenical Temple.
  4151 | D:4      | Reached XP level 7. HP: 41/47 MP: 13/13
  4356 | D:4      | Reached ** piety under Sif Muna
  4645 | D:5      | Entered Level 5 of the Dungeon
  5275 | D:5      | You are sucked into a shaft and drop 3 floors!
  5293 | D:8      | Identified the +3 rapier "Acruecui" {vamp, rC+ rN++ Will+
                  | Int+2}
  5306 | D:8      | Noticed a wyvern
  5309 | D:8      | Killed a wyvern
  5439 | D:8      | Found an ancient bone altar of Kikubaaqudgha.
  5452 | D:7      | Mangled by an orc warrior

Illustrated notes

Levels and vault maps discovered:
D:1:      dpeg_arrival_ratfight, layout_rooms, serial_shops, shop_fountains,
          grunt_decor_cap, minmay_liquid_box
D:2:      layout_rooms, basic_altar, grunt_ministairs_10
D:3:      gammafunk_wand_slinger, layout_basic, gup_sewer_entry_glass
D:4:      layout_loops_ring, minmay_temple_entry_overgrown,
          chequers_serial_rivers_large_a, minmay_manual_maat
D:5:      layout_rooms, minivault_19, hex_tiny
D:7:      nzn_winding_woodlands_small [nzn_winding_woodlands_5x15_default,
          nzn_winding_woodlands_center_lodge,
          nzn_winding_woodlands_5x15_river_crossing], layout_basic,
          xom_teletrap_fun
D:8:      kennysheep_windowed_halls, layout_rooms,
          lemuel_coloured_pillars_altar, mainiacjoe_overflow_catwalk,
          serial_shops, nicolae_shop_bloodbath_and_beyond, uniq_prince_ribbit1

Skill      XL: |  1  2  3  4  5  6  7 |
---------------+----------------------+-----
Fighting       | 1 2 3 4 |  4.3
Spellcasting   | 3 4 |  4.8
Transmutations | 2 3 |  3.3
Earth Magic    | 4 |  4.4
Dodging        | |  2.0
Stealth        | |  2.6
Unarmed Combat | |  0.5

Action                   |  1- 3 |  4- 6 |  7- 9 || total
-------------------------+-------+-------+-------++-------
Melee: Unarmed           |    53 |     7 |       ||    60
       Tentacles         |    15 |    12 |     5 ||    32
       Constrict         |    17 |    13 |     6 ||    36
       Punch             |     1 |     2 |     1 ||     4
       Spear             |       |   100 |    38 ||   138
 Cast: Sandblast         |    21 |    15 |    11 ||    47
       Stone Arrow       |       |       |     8 ||     8
  Use: Scroll            |       |     7 |     1 ||     8
 Stab: Sleeping          |     5 |    17 |     4 ||    26
Armor: Skin              |     7 |     5 |     3 ||    15
Dodge: Dodged            |    35 |    38 |    18 ||    91

Table legend: (Time is in decaauts)
 A = Elapsed time spent in this place.
 B = Non-inter-level travel time spent in this place.
 C = Inter-level travel time spent in this place.
 D = Time resting spent in this place.
 E = Time spent auto-exploring this place.
 F = Levels seen in this place.
 G = Mean time per level.
                   A        B        C        D        E       F      G
               +--------+--------+--------+--------+--------+-----+--------+
         Total |   5466 |   5182 |    284 |    201 |   3926 |   8 |  683.2 |
       Dungeon |   4585 |   4301 |    284 |    201 |   3204 |   7 |  655.0 |
         Sewer |    881 |    881 |      0 |      0 |    722 |   1 |  881.0 |
               +--------+--------+--------+--------+--------+-----+--------+

Top non-repeatable levels by time:
     D:4: 1467 daAuts
     D:1: 1087 daAuts
     D:3: 944 daAuts
   Sewer: 881 daAuts
     D:2: 732 daAuts
     D:5: 176 daAuts
     D:8: 170 daAuts
     D:7: 6 daAuts
